 Dungeon Crawl Stone Soup version 0.24.0-123-gd5b16e6ec5 (webtiles) character file.

Game seed: 8487161461515905751, levelgen mode: deterministic

67 HammerPanzer the Slasher (level 4, 0/38 HPs)
             Began as a Draconian Berserker on Jan 9, 2020.
             Was a Believer of Trog.
             Succumbed to an adder's poison
             ... on level 1 of the Dungeon.
             The game lasted 00:03:56 (1072 turns).

HammerPanzer the Slasher (Draconian Berserker)      Turns: 1072, Time: 00:03:56

Health: 0/38       AC:  6    Str: 20    XL:     4   Next: 0%
Magic:  4/4        EV: 13    Int:  8    God:    Trog [**....]
Gold:   24         SH:  0    Dex: 10    Spells: 3/3 levels left

rFire    . . .     SeeInvis +   a - +0 falchion
rCold    . . .     Gourm    .   (no shield)
rNeg     . . .     Faith    .   (armour unavailable)
rPois    .         Spirit   .   (helmet restricted)
rElec    .         Reflect  .   (no cloak)
rCorr    .         Harm     .   f - +0 pair of gloves
MR       .....                  (no boots)
Stlth    +.........             (no amulet)
HPRegen  0.12/turn              d - ring of see invisible
MPRegen  0.09/turn              (no ring)

@: lethally poisoned (0 -> -5), berserk cooldown
A: unfitting armour, cold-blooded, AC +5
a: Berserk, Trog's Hand, Renounce Religion


You were on level 1 of the Dungeon.
You worshipped Trog.
Trog was pleased with you.
You were not hungry.

You visited 1 branch of the dungeon, and saw 2 of its levels.

You collected 24 gold pieces.

Inventory:

Hand Weapons
 a - a +0 falchion (weapon)
Armour
 f - a +0 pair of gloves (worn)
Jewellery
 d - a ring of see invisible (left hand)
Potions
 e - 2 potions of curing {unknown}
 g - a potion of flight {unknown}
Comestibles
 b - a ration
 c - 8 chunks of flesh


   Skills:
 - Level 3.2 Fighting
 * Level 4.4 Long Blades
 + Level 3.3 Dodging


You had 3 spell levels left.
You didn't know any spells.
Your spell library was empty.

Dungeon Overview and Level Annotations

Branches:
Dungeon (2/15)

Altars:


Innate Abilities, Weirdness & Mutations

Your plain brown scales are hard. (AC +5)
You cannot fit into any form of body armour.
You are cold-blooded and may be slowed by cold attacks.


Message History

* * * LOW HITPOINT WARNING * * *
You feel sick. The adder bites you but does no damage. The adder bites you.
* * * LOW HITPOINT WARNING * * *
You barely miss the adder.
The adder is heavily wounded.
* * * LOW HITPOINT WARNING * * *
You feel sick. The adder barely misses you.
Okay, then.
You miss the adder.
Your tail-slap misses the adder.
The adder is heavily wounded.
* * * LOW HITPOINT WARNING * * *
You feel sick. The adder bites you but does no damage. The adder misses you.
You riposte.
You hit the adder.
You kill the adder!
Trog accepts your kill.
You have reached level 4!
You feel clever.
You see here an adder corpse.
You butcher the adder corpse.
You die...

#..)...........#P.......
#######..#######≈P......
#..## #≈≈P.....
#####...######≈≈≈P....
#............#≈≈≈≈P...
#.#.#...##...#≈≈≈≈≈P.<
#.#.#.####.###≈≈≈≈P...
#.#.#......# #≈≈≈P....
#.#.#@.###.###≈≈P.....
#.#.#..# #...#≈P......
#.#.#..#####.#P.......
##.#.#...####.##.#####.
#...........#.##.# ##
#.##..........##.#
#.######.##.####.#
#.######.##.# #.#
#...........# #.##


There were no monsters in sight!

Vanquished Creatures
  A gnoll (D:2)
  2 adders
  An ooze (D:1)
  A worm (D:2)
  A leopard gecko (D:2)
  A ball python (D:1)
  3 bats (D:1)
  3 giant cockroaches
  3 goblins (D:1)
  2 hobgoblins (D:1)
  5 kobolds
  A quokka (D:2)
  7 frilled lizards (D:1)
  3 rats (D:1)
34 creatures vanquished.

Notes
Turn   | Place    | Note
-------+----------+-------------------------------------------
     0 | D:1      | HammerPanzer the Draconian Berserker began the quest for
                  | the Orb.
     0 | D:1      | Reached XP level 1. HP: 19/19 MP: 1/1
    54 | D:1      | Reached XP level 2. HP: 19/26 MP: 2/2
   559 | D:1      | Reached ** piety under Trog
   715 | D:1      | Reached XP level 3. HP: 31/31 MP: 3/3
   882 | D:2      | Reached skill level 4 in Long Blades
  1070 | D:1      | HP: 1/31 [poisoned by an adder]
  1070 | D:1      | Reached XP level 4. HP: 1/38 MP: 4/4
  1072 | D:1      | Succumbed to an adder's poison

Levels and vault maps discovered:
D:1:      eino_arrival_druids_welcome, layout_loops_ring
D:2:      layout_loops_ring, minmay_misc_feat_columns, minmay_diced_spiral

Skill      XL: |  1  2  3 |
---------------+----------+-----
Dodging        | 3 |  3.3
Long Blades    | 4 |  4.4
Fighting       | |  3.2

Action                   |  1- 3 |  4- 6 || total
-------------------------+-------+-------++-------
Melee: Falchion          |    99 |       ||    99
       Tailslap          |     9 |       ||     9
Invok: Berserk           |     1 |       ||     1
 Stab: Sleeping          |     2 |       ||     2
  Eat: Chunk             |     2 |       ||     2
Armor: Skin              |    31 |       ||    31
Dodge: Dodged            |    60 |       ||    60
       Rpst.: Falchion   |    17 |       ||    17
